AoeStats
← XxX

Fortress

509930630Analyzed
2v2 RM · 3d ago on Sep 28, 2026· 49m 51s· 4 players
Game mode
Random Map
Map size
Normal (6 player)
Population
200
Speed
Normal
Resources
Standard
Victory
Conquest
Starting age
Dark Age
Ending age
Imperial Age
RankedLock teamsTeams togetherTeam positionsShared explorationLock speedFull tech treeHidden civsTurbo modeCheats
Victory
Defeat
🇨🇱 Britons · Chile
886
+16
🇨🇿 Goths · Czechia
861
+17
🇹🇷 Turks · Türkiye
945
-19
🇹🇷 Mongols · Türkiye
830
-14
Drexik
2:56 Loom
7:00 Feudal Age
10:01 Double-Bit Axe
12:43 Castle Age
15:44 Horse Collar
19:43 Bow Saw
20:20 Padded Archer Armor
20:10 Fletching
22:09 Pikeman
22:49 Squires
22:10 Man-at-Arms
24:02 Leather Archer Armor
23:42 Bodkin Arrow
23:57 Forging
23:47 Scale Mail Armor
23:57 Heavy Plow
23:51 Gold Mining
24:20 Town Watch
25:11 Wheelbarrow
25:18 Town Patrol
25:08 Elite Skirmisher
25:15 Long Swordsman
29:51 Imperial Age
27:37 Hand Cart
30:05 Iron Casting
29:45 Chain Mail Armor
29:32 Stone Mining
30:15 Halberdier
30:17 Two-Handed Swordsman
31:36 Ring Archer Armor
31:06 Bracer
32:31 Chemistry
32:12 Ballistics
31:48 Murder Holes
31:22 Capped Ram
33:50 Two-Man Saw
34:33 Conscription
38:40 Champion
38:46 Elite Huskarl
39:27 Anarchy
38:57 Sappers
manu.mg.contacto
4:33 Loom
7:24 Feudal Age
8:40 Wheelbarrow
8:08 Horse Collar
8:17 Double-Bit Axe
14:18 Castle Age
12:18 Gold Mining
12:07 Man-at-Arms
14:17 Fletching
16:24 Town Watch
16:59 Bow Saw
18:21 Hand Cart
20:32 Heavy Plow
21:12 Pikeman
22:16 Squires
25:55 Imperial Age
24:46 Padded Archer Armor
24:56 Forging
26:18 Scale Mail Armor
26:54 Ballistics
26:45 Masonry
27:29 Halberdier
28:23 Bodkin Arrow
29:52 Bracer
30:08 Leather Archer Armor
31:13 Chemistry
31:19 Elite Longbowman
33:24 Chain Mail Armor
32:39 Long Swordsman
33:30 Stone Mining
34:15 Gold Shaft Mining
34:25 Elite Skirmisher
35:55 Ring Archer Armor
36:11 Two-Handed Swordsman
39:42 Champion
47:10 Plate Mail Armor
46:46 Scale Barding Armor
46:31 Gambesons
46:23 Light Cavalry
47:05 Husbandry
XxX
5:20 Feudal Age
6:15 Double-Bit Axe
6:20 Horse Collar
13:43 Castle Age
12:28 Gold Mining
12:38 Stone Mining
14:53 Husbandry
15:04 Bloodlines
15:43 Bow Saw
15:37 Heavy Plow
17:48 Loom
20:13 Gold Shaft Mining
20:17 Stone Shaft Mining
21:57 Wheelbarrow
21:09 Town Watch
23:24 Scale Barding Armor
23:21 Padded Archer Armor
23:12 Fletching
23:33 Forging
27:35 Imperial Age
25:31 Leather Archer Armor
25:23 Nomads
26:05 Hand Cart
27:12 Coinage
26:43 Caravan
29:02 Conscription
28:04 Elite Mangudai
29:57 Town Patrol
30:53 Drill
32:18 Banking
32:03 Heavy Camel Rider
36:15 Sappers
37:55 Chemistry
36:55 Bodkin Arrow
37:11 Elite Steppe Lancer
37:14 Light Cavalry
38:33 Ballistics
40:17 Thumb Ring
40:38 Parthian Tactics
41:39 Elite Skirmisher
42:08 Hussar
48:27 Chain Barding Armor
tiirk
7:08 Feudal Age
11:44 Castle Age
10:09 Loom
10:46 Horse Collar
13:34 Double-Bit Axe
18:28 Heavy Plow
19:09 Loom
22:15 Imperial Age
21:02 Gold Mining
23:23 Ballistics
24:07 Wheelbarrow
24:59 Gold Shaft Mining
24:56 Thumb Ring
26:39 Hand Cart
27:27 Padded Archer Armor
27:33 Scale Barding Armor
27:40 Forging
28:07 Husbandry
28:36 Bloodlines
32:07 Leather Archer Armor
34:43 Conscription
Connection lost

Rejoining the realm…

Still unreachable

The connection could not be restored.

Session expired

The server has moved on; the page needs a fresh start.